AoeStats
← Juyhou

MegaRandom

509937489Analyzed
4v4 RM · 4d ago on Sep 28, 2026· 35m 45s· 8 players
Game mode
Random Map
Map size
Large (8 player)
Population
200
Speed
Normal
Resources
Standard
Victory
Conquest
Starting age
Dark Age
Ending age
Imperial Age
RankedLock teamsTeams togetherTeam positionsShared explorationLock speedFull tech treeHidden civsTurbo modeCheats
Victory
Defeat
🇷🇺 Varangians · Russia
1810
+23
🇨🇳 Mongols · China
1809
+23
1705
+26
🇵🇪 Persians · Peru
1631
+27
🇫🇮 Danes · Finland
2150
-30
🇫🇮 Varangians · Finland
2069
-29
🇫🇮 Saxons · Finland
1952
-25
🇫🇮 Vietnamese · Finland
1685
-15
noru
1:07 Loom
9:39 Feudal Age
10:14 Double-Bit Axe
13:44 Castle Age
13:17 Bloodlines
14:28 Town Watch
15:17 Bow Saw
15:35 Fletching
16:53 Bodkin Arrow
19:40 Wheelbarrow
20:20 Padded Archer Armor
21:24 Stone Mining
22:43 Ballistics
27:57 Imperial Age
27:23 Stone Shaft Mining
26:39 Gold Mining
27:07 Hand Cart
26:35 Horse Collar
27:55 Masonry
30:18 Leather Archer Armor
30:30 Parthian Tactics
31:53 Two-Man Saw
31:49 Gold Shaft Mining
32:59 Chemistry
32:10 Heavy Plow
32:58 Thumb Ring
34:19 Scale Barding Armor
34:24 Forging
33:55 Heavy Cavalry Archer
36:09 Crop Rotation
35:19 Light Cavalry
35:59 Husbandry
36:04 Caravan
Fresh To Death
0:56 Loom
9:36 Feudal Age
10:30 Double-Bit Axe
13:22 Castle Age
12:50 Forging
13:25 Wheelbarrow
13:03 Horse Collar
14:47 Bloodlines
16:42 Bow Saw
18:23 Husbandry
20:24 Iron Casting
20:51 Heavy Plow
21:09 Scale Barding Armor
21:53 Town Watch
25:40 Imperial Age
23:06 Stone Mining
23:07 Gold Mining
23:58 Hand Cart
24:27 Chain Barding Armor
24:47 Fervor
26:06 Stone Shaft Mining
26:28 Fletching
27:38 Blast Furnace
27:34 Plate Barding Armor
26:54 Elite Jarl
27:55 Conscription
28:19 Siege Engineers
28:53 Ballistics
28:46 Masonry
28:49 Scale Mail Armor
29:33 Devotion
29:20 Light Cavalry
31:38 Hussar
32:56 Caravan
35:09 Elite Varangian Guard
154985415164
8:40 Feudal Age
9:36 Double-Bit Axe
12:32 Castle Age
11:36 Wheelbarrow
10:56 Horse Collar
12:16 Loom
12:49 Gold Mining
12:53 Fletching
15:34 Padded Archer Armor
15:42 Bodkin Arrow
19:19 Padded Archer Armor
19:42 Ballistics
20:14 Bloodlines
20:51 Husbandry
21:40 Hand Cart
26:25 Imperial Age
24:47 Town Watch
25:39 Gold Shaft Mining
24:54 Stone Mining
27:07 Bracer
28:09 Chemistry
27:34 Thumb Ring
28:06 Elite Mangudai
30:07 Leather Archer Armor
29:32 Capped Ram
31:03 Conscription
31:25 Parthian Tactics
32:01 Caravan
32:58 Siege Ram
34:43 Drill
trói em vào cột điện
8:44 Feudal Age
10:41 Double-Bit Axe
13:23 Castle Age
11:40 Loom
12:31 Scale Mail Armor
15:05 Wheelbarrow
21:12 Forging
21:20 Chain Mail Armor
23:14 Squires
22:59 Arson
24:52 Fletching
25:32 Bodkin Arrow
30:27 Imperial Age
27:26 Man-at-Arms
27:51 Gambesons
28:44 Gold Mining
32:38 Bow Saw
32:12 Horse Collar
33:21 Caravan
34:07 Plate Mail Armor
33:38 Bracer
33:49 Forging
35:09 Hand Cart
35:55 Two-Man Saw
35:32 Gold Shaft Mining
34:48 Stone Mining
35:10 Heavy Plow
35:59 Conscription
Villese
1:25 Loom
8:56 Feudal Age
12:48 Castle Age
10:59 Double-Bit Axe
11:29 Gold Mining
12:17 Scale Mail Armor
12:10 Stone Mining
13:24 Forging
13:49 Bow Saw
14:16 Horse Collar
20:02 Squires
22:19 Fletching
22:59 Bodkin Arrow
23:31 Sanctity
27:12 Imperial Age
25:24 Chain Mail Armor
26:48 Iron Casting
26:58 Wheelbarrow
26:05 Man-at-Arms
26:30 Gambesons
26:36 Arson
26:37 Gambesons
26:53 Town Watch
26:47 Pikeman
27:57 Onager
28:57 Block Printing
29:08 Illumination
29:18 Theocracy
29:44 Halberdier
30:52 Siege Onager
34:24 Siege Engineers
35:45 Plate Mail Armor
36:07 Hand Cart
King-Arthur
1:14 Loom
8:58 Feudal Age
9:47 Double-Bit Axe
11:19 Fletching
15:22 Wheelbarrow
17:56 Castle Age
16:02 Town Watch
16:30 Gold Mining
16:30 Stone Mining
17:06 Padded Archer Armor
16:52 Horse Collar
18:46 Bodkin Arrow
Juyhou
0:38 Loom
0:38 Loom
8:46 Feudal Age
12:42 Castle Age
10:34 Double-Bit Axe
13:37 Bow Saw
13:19 Horse Collar
15:47 Scale Mail Armor
18:33 Chain Mail Armor
18:56 Squires
19:51 Forging
20:50 Wheelbarrow
22:16 Heavy Plow
23:29 Hand Cart
28:43 Imperial Age
28:10 Iron Casting
29:57 Plate Mail Armor
29:48 Conscription
29:46 Elite Hearth Troop
30:56 Guilds
31:19 Fletching
32:47 Shield Wall
33:43 Bodkin Arrow
35:03 Chemistry
33:51 Elite Varangian Guard
35:04 Bracer
35:39 Padded Archer Armor
35:11 Crossbowman
35:56 Thumb Ring
TheMax
0:54 Loom
8:42 Feudal Age
9:24 Double-Bit Axe
12:19 Castle Age
11:24 Wheelbarrow
11:00 Horse Collar
13:16 Bow Saw
15:27 Heavy Plow
15:47 Town Watch
17:28 Gold Mining
17:28 Stone Mining
19:16 Hand Cart
19:59 Scale Mail Armor
21:33 Scale Barding Armor
24:57 Imperial Age
23:12 Husbandry
24:29 Fletching
25:38 Bloodlines
26:23 Chain Barding Armor
26:57 Conscription
27:39 Plate Barding Armor
27:57 Forging
27:09 Elite Jarl
29:54 Iron Casting
31:44 Blast Furnace
30:40 Bodkin Arrow
32:54 Caravan
33:22 Bracer
33:34 Gothikon
Connection lost

Rejoining the realm…

Still unreachable

The connection could not be restored.

Session expired

The server has moved on; the page needs a fresh start.